AoeStats
← BottleDry

African Clearing

504870307Analyzed
4v4 RM · 26d ago on Sep 6, 2026· 56m 20s· 8 players
Game mode
Random Map
Map size
Large (8 player)
Population
200
Speed
Normal
Resources
Standard
Victory
Conquest
Starting age
Dark Age
Ending age
Imperial Age
RankedLock teamsTeams togetherTeam positionsShared explorationLock speedFull tech treeHidden civsTurbo modeCheats
Victory
Defeat
🇺🇸 Lithuanians · United States
875
+11
🇺🇸 Wu · United States
855
+12
🇨🇱 Khmer · Chile
818
+13
🇨🇳 Vietnamese · China
803
+14
🇲🇽 Burgundians · Mexico
794
-15
🇬🇧 Britons · United Kingdom
783
-13
🇧🇷 Romans · Brazil
732
-11
🇫🇷 Aztecs · France
713
-11
(Quetzal)ODINset
8:24 Loom
12:39 Double-Bit Axe
12:41 Loom
14:50 Feudal Age
13:14 Horse Collar
16:49 Feudal Age
15:43 Stone Mining
18:22 Wheelbarrow
18:59 Bow Saw
25:45 Castle Age
23:41 Gold Mining
23:51 Town Watch
26:17 Castle Age
24:29 Scale Mail Armor
25:29 Forging
25:35 Heavy Plow
28:18 Two-Man Saw
27:52 Crop Rotation
28:55 Pikeman
29:36 Squires
31:56 Hand Cart
33:27 Scale Barding Armor
35:58 Man-at-Arms
36:38 Squires
36:56 Chain Mail Armor
37:33 Iron Casting
38:49 Fletching
38:27 Long Swordsman
40:25 Gold Shaft Mining
40:25 Stone Shaft Mining
43:17 Imperial Age
41:57 Chain Barding Armor
41:33 Bodkin Arrow
41:38 Padded Archer Armor
42:00 Ballistics
41:51 Fortified Wall
41:22 Treadmill Crane
41:23 Light Cavalry
42:04 Husbandry
Brido1970
9:34 Loom
14:19 Feudal Age
14:57 Double-Bit Axe
19:28 Forging
23:37 Castle Age
22:47 Padded Archer Armor
23:19 Stone Mining
33:02 Gold Mining
40:47 Fletching
45:54 Ballistics
45:45 Murder Holes
Yamza
14:51 Feudal Age
17:02 Horse Collar
29:59 Castle Age
30:02 Eagle Warrior
34:17 Squires
34:07 Arson
37:52 Heavy Plow
41:22 Wheelbarrow
41:31 Double-Bit Axe
43:02 Gold Mining
45:39 Elite Skirmisher
47:48 Gold Shaft Mining
GASLord
14:30 Loom
16:37 Feudal Age
23:57 Castle Age
21:39 Man-at-Arms
22:09 Horse Collar
23:20 Double-Bit Axe
24:29 Bloodlines
24:31 Gold Mining
25:12 Bow Saw
25:05 Heavy Plow
25:19 Squires
25:38 Pikeman
27:30 Wheelbarrow
27:14 Light Cavalry
27:54 Stone Mining
29:27 Hand Cart
32:11 Forging
32:27 Town Watch
33:25 Scale Mail Armor
36:12 Gold Shaft Mining
39:10 Iron Casting
42:00 Imperial Age
39:44 Town Patrol
39:39 Long Swordsman
42:00 Chain Mail Armor
41:37 Fletching
41:49 Padded Archer Armor
41:58 Ballistas
45:06 Chemistry
45:36 Heavy Scorpion
47:06 Legionary
BottleDry
13:36 Feudal Age
14:17 Loom
18:40 Castle Age
17:37 Double-Bit Axe
19:16 Scale Mail Armor
21:33 Bow Saw
21:07 Horse Collar
22:38 Forging
24:41 Wheelbarrow
25:08 Chain Mail Armor
25:53 Squires
27:56 Iron Casting
28:08 Gold Mining
29:23 Arson
31:28 Hand Cart
31:03 Town Watch
31:31 Heavy Plow
32:08 Stone Mining
41:22 Imperial Age
42:45 Plate Mail Armor
42:58 Town Watch
Jan
6:12 Loom
13:25 Feudal Age
15:20 Double-Bit Axe
15:16 Horse Collar
20:20 Castle Age
19:00 Stone Mining
22:55 Fishing Lines
28:27 Heavy Plow
28:39 Bow Saw
30:14 Scale Barding Armor
30:19 Forging
33:10 Iron Casting
33:43 Wheelbarrow
36:51 Imperial Age
36:02 Hill Forts
36:39 Chain Barding Armor
36:21 Padded Archer Armor
36:11 Fletching
36:22 Scale Mail Armor
36:52 Hand Cart
37:46 Elite Leitis
38:26 Hill Forts
38:27 Tower Shields
38:48 Conscription
38:38 Bodkin Arrow
38:51 Gillnets
40:36 Chemistry
39:48 Fortified Wall
40:07 Leather Archer Armor
40:49 Plate Barding Armor
41:04 Ballistics
41:22 Chain Mail Armor
42:20 Squires
42:37 Pikeman
43:03 Arson
43:40 Caravan
46:07 Two-Man Saw
46:56 Leather Archer Armor
46:41 Bracer
53:21 Ring Archer Armor
52:13 Halberdier
52:17 Cavalier
52:57 Husbandry
53:08 Bloodlines
52:18 Light Cavalry
52:20 Elite Skirmisher
52:21 Heavy Cavalry Archer
53:07 Thumb Ring
52:23 Crossbowman
52:53 Town Watch
52:30 Onager
52:30 Capped Ram
53:43 Coinage
53:24 Guilds
53:48 Bombard Tower
53:19 Heated Shot
53:25 Murder Holes
53:11 Treadmill Crane
53:42 Masonry
53:23 Guard Tower
53:44 Clinker Construction
53:44 Careening
54:27 Hoardings
Jx
3:58 Loom
17:31 Feudal Age
21:12 Wheelbarrow
20:22 Town Watch
20:38 Horse Collar
20:51 Double-Bit Axe
25:00 Castle Age
27:44 Hand Cart
31:02 Heavy Plow
33:47 Bow Saw
34:45 Town Patrol
38:15 Imperial Age
38:50 Caravan
38:40 Light Cavalry
39:30 Bloodlines
39:20 Husbandry
39:29 Scale Barding Armor
39:34 Forging
39:40 Hussar
40:46 Conscription
40:49 Chain Barding Armor
41:15 Stone Mining
41:15 Gold Mining
41:58 Crop Rotation
40:55 Capped Ram
45:11 Plate Barding Armor
45:12 Iron Casting
45:19 Fortified Wall
46:10 Chemistry
45:30 Ballistics
45:21 Masonry
45:16 Siege Engineers
45:06 Murder Holes
44:44 Elite Battle Elephant
46:38 Pikeman
47:04 Arson
46:40 Man-at-Arms
50:29 Hoardings
50:00 Tusk Swords
51:41 Architecture
52:12 Blast Furnace
51:14 Scale Mail Armor
51:14 Padded Archer Armor
51:04 Fletching
50:53 Siege Ram
50:53 Onager
50:53 Heavy Scorpion
55:52 Spies/Treason
杰哥真棒
13:47 Feudal Age
19:23 Castle Age
21:46 Double-Bit Axe
21:49 Horse Collar
26:51 Stone Mining
26:52 Gold Mining
27:06 Heavy Plow
29:06 Fletching
29:17 Padded Archer Armor
33:08 Bodkin Arrow
40:20 Imperial Age
44:52 Chatras
47:36 Forging
47:32 Scale Barding Armor
48:39 Elite Battle Elephant
52:55 Chain Barding Armor
53:11 Iron Casting
54:02 Stone Shaft Mining
54:18 Crop Rotation
54:38 Bloodlines
54:29 Husbandry
56:37 Plate Barding Armor
Connection lost

Rejoining the realm…

Still unreachable

The connection could not be restored.

Session expired

The server has moved on; the page needs a fresh start.